 Dungeon Crawl Stone Soup version 0.31.0-11-ge490571c62 (webtiles) character file.

Game seed: 10419467239420052991

1712 hawla the Cleaver (level 8, -6/64 HPs)
             Began as a Minotaur Fighter on Feb 2, 2024.
             Killed from afar by an electric eel (10 damage)
             ... with a bolt of electricity
             ... on level 6 of the Dungeon.
             The game lasted 00:09:53 (4881 turns).

hawla the Cleaver (Minotaur Fighter)                Turns: 4881, Time: 00:09:53

Health: -6/64      AC: 12    Str: 29    XL:     8   Next: 74%
Magic:  7/7        EV:  7    Int:  5    God:
Gold:   121        SH:  9    Dex: 10    Spells: 7/7 levels left

rFire   + . .        a - +2 war axe
rCold   . . .        c - +0 buckler
rNeg    . . .        l - +0 plate armour
rPois   .            e - +0 hat
rElec   .            (no cloak)
rCorr   .            (no gloves)
SInv    .            r - +0 pair of boots
Will    .....        b - amulet of reflection Stlth
                     y - ring of protection from fire
HPRegen 0.30/turn    w - +6 ring of strength
MPRegen 0.10/turn

%: reflection
@: no status effects
A: horns 2, retaliatory headbutt
a: no special abilities


You were on level 6 of the Dungeon.
You visited 1 branch of the dungeon, and saw 6 of its levels.

You collected 247 gold pieces.
You spent 126 gold pieces at shops.

Inventory:

Hand Weapons
 a - a +2 war axe (weapon)
Missiles
 g - 18 poisoned darts (quivered)
 p - 6 boomerangs
Armour
 c - a +0 buckler (worn)
 e - a +0 hat (worn)
 l - a +0 plate armour (worn)
 r - a +0 pair of boots (worn)
 t - the +0 robe "Pylefucw" {Will- Str+4 Archmagi}
   (You took it off Sigmund on level 5 of the Dungeon)

   Str+4:     It affects your strength (+4).
   Will-:     It decreases your willpower.
   Archmagi:  It increases the power of your magical spells.
Jewellery
 b - an amulet of reflection (around neck)
 k - a ring of wizardry
 w - a +6 ring of strength (right hand)
 y - a ring of protection from fire (left hand)
Wands
 s - a wand of flame (44)
 C - a wand of roots (7)
 D - a wand of charming (6)
 E - a wand of light (8)
Scrolls
 j - 2 scrolls of fog
 v - a scroll of teleportation
 x - 2 scrolls of vulnerability
 z - 3 scrolls of amnesia
 B - a scroll of revelation
Potions
 d - a potion of might
 f - 2 potions of cancellation
 h - a potion of berserk rage {unknown}
 i - a potion of resistance
 m - a potion of enlightenment
 o - a potion of haste {unknown}
 q - 2 potions of degeneration {unknown}
 u - a potion of attraction {unknown}


   Skills:
 - Level 3.6 Fighting
 + Level 13.4 Axes
 - Level 3.6 Armour
 - Level 3.6 Shields


You had 7 spell levels left.
You didn't know any spells.
Your spell library contained the following spells:

 Spells                   Type           Power      Damage    Failure   Level
 Apportation              Tloc           0%         N/A       100%        1
 Necrotise                Necr           0%         1d4       100%        1
 Sting                    Conj/Alch      0%         1d3       100%        1
 Summon Small Mammal      Summ           0%         N/A       100%        1
 Sublimation of Blood     Necr           0%         N/A       100%        2
 Vampiric Draining        Necr           0%         2d6       100%        3
 Borgnjor's Vile Clutch   Necr/Erth      0%         N/A       100%        5
 Borgnjor's Revivificati  Necr           0%         N/A       100%        8


Dungeon Overview and Level Annotations

Branches:
Dungeon (6/15)
 Temple: D:4-7

Altars:
Cheibriados
Fedhas
Gozag
Trog
Uskayaw
Wu Jian
Yredelemnul
The Shining One

Shops:
D:3 :?(


Innate Abilities, Weirdness & Mutations

You have a pair of horns on your head.
You reflexively headbutt those who attack you in melee.


Message History

The bolt of electricity hits you.
An electric eel comes into view.
The electric eel shoots out a bolt of lightning at you!
The bolt of electricity hits you!
The electric eel shoots out a bolt of lightning at you!
The bolt of electricity hits you!
The electric eel shoots out a bolt of lightning at you!
The bolt of electricity misses you. The bolt of electricity hits you!
* * * LOW HITPOINT WARNING * * *
The bolt of electricity hits the electric eel.
The electric eel completely resists.
As you read the scroll of butterflies, it crumbles to dust.
You hear the flapping of tiny wings.
The electric eel is knocked back by the sudden gust. x2
The electric eel shoots out a bolt of lightning at you!
The bolt of electricity hits your butterfly!
Your butterfly dies!
Your butterfly disappears in a burst of colours!
The bolt of electricity hits your butterfly!
Your butterfly dies!
Your butterfly disappears in a burst of colours!
The bolt of electricity hits you.
* * * LOW HITPOINT WARNING * * *
The bolt of electricity hits you.
* * * LOW HITPOINT WARNING * * *
The bolt of electricity hits your butterfly!
Your butterfly dies!
Your butterfly disappears in a burst of colours!
The bolt of electricity hits your butterfly!
Your butterfly dies!
Your butterfly disappears in a burst of colours!
The electric eel shoots out a bolt of lightning at you!
The bolt of electricity misses your butterfly.
The bolt of electricity hits your butterfly!
Your butterfly dies!
Your butterfly disappears in a burst of colours!
The bolt of electricity hits you!
* * * LOW HITPOINT WARNING * * *
The bolt of electricity hits you!
You die...

#.# #....###..#
##
#.##..###.###..
#. ##..#.......
. ##b..###
#.#####..##
......b.#
......bb#
.######b###
...bbbb@.b#
###bbb≈≈b≈Sbb≈.
##.bbS≈bbb≈≈≈
#S≈###≈≈###≈
#b≈ b≈# #≈≈


bb# #≈≈ ≈≈≈ . .≈ ≈≈≈ . . You could see 3 electric eels.

Vanquished Creatures
  Sigmund (D:5)
  Menkaure (D:5)
  Duvessa (D:5)
  A black bear (D:5)
  An ogre (D:6)
  2 centaurs (D:5)
  A kobold brigand (D:6)
  A phantom (D:5)
  A scorpion (D:5)
  Dowan (D:5)
  A bombardier beetle (D:3)
  6 hounds
  A jelly (D:5)
  An orc priest (D:4)
  A sleepcap (D:5)
  7 orc wizards
  An iguana (D:4)
  6 gnolls (D:4)
  6 adders
  5 dart slugs
  A ribbon worm (D:2)
  19 orcs
  5 endoplasms
  4 giant cockroaches
  3 hobgoblins
  3 jackals (D:5)
  13 kobolds
  5 quokkas
  9 ball pythons
  5 bats
  7 frilled lizards
  8 goblins
  6 rats
134 creatures vanquished.

Notes
Turn   | Place    | Note
-------+----------+-------------------------------------------
     0 | D:1      | hawla the Minotaur Fighter began the quest for the Orb.
     0 | D:1      | Reached XP level 1. HP: 19/19 MP: 0/0
   210 | D:1      | Reached skill level 3 in Axes
   388 | D:1      | Reached XP level 2. HP: 26/26 MP: 1/1
   758 | D:2      | Found a faded altar of an unknown god.
   787 | D:2      | Reached skill level 4 in Axes
   857 | D:2      | Reached XP level 3. HP: 24/31 MP: 2/2
  1528 | D:3      | Reached skill level 5 in Axes
  1574 | D:3      | Reached XP level 4. HP: 32/39 MP: 3/3
  1574 | D:3      | Found an opulent altar of Gozag.
  1831 | D:3      | Reached skill level 6 in Axes
  1844 | D:3      | Reached XP level 5. HP: 38/45 MP: 4/4
  2078 | D:3      | Found Masisum's Magic Scroll Emporium.
  2085 | D:3      | Bought a scroll of teleportation for 36 gold pieces
  2085 | D:3      | Bought a scroll of enchant weapon for 90 gold pieces
  2115 | D:3      | Found Tous's Book Shoppe.
  2347 | D:3      | Found Orchidihu's Weapon Emporium.
  2424 | D:4      | Reached skill level 7 in Axes
  2586 | D:4      | Reached XP level 6. HP: 49/51 MP: 5/5
  2637 | D:4      | Reached skill level 8 in Axes
  3397 | D:5      | Entered Level 5 of the Dungeon
  3453 | D:5      | Got the Handbook of Wicked Arts
  3501 | D:5      | Noticed Duvessa
  3501 | D:5      | Noticed Dowan
  3505 | D:5      | Reached skill level 9 in Axes
  3516 | D:5      | Found a blossoming altar of Fedhas.
  3516 | D:5      | Found an ornate altar of the Wu Jian Council.
  3635 | D:5      | Found a bloodstained altar of Trog.
  3635 | D:5      | Found a snail-covered altar of Cheibriados.
  3636 | D:5      | Found a hide-covered altar of Uskayaw.
  3642 | D:5      | Found a glowing golden altar of the Shining One.
  3684 | D:5      | Killed Dowan
  3685 | D:5      | Reached XP level 7. HP: 52/57 MP: 6/6
  3685 | D:5      | Killed Duvessa
  3734 | D:5      | Reached skill level 10 in Axes
  3755 | D:5      | Reached skill level 11 in Axes
  3882 | D:5      | Identified the +0 robe "Pylefucw" {Will- Str+4 Archmagi}
  3882 | D:5      | Noticed Sigmund
  3884 | D:5      | Noticed Menkaure
  3893 | D:5      | Killed Menkaure
  3894 | D:5      | Reached XP level 8. HP: 43/64 MP: 7/7
  3906 | D:5      | Killed Sigmund
  3907 | D:5      | Reached skill level 12 in Axes
  4184 | D:6      | Found a basalt altar of Yredelemnul.
  4387 | D:6      | Reached skill level 13 in Axes
  4881 | D:6      | Killed from afar by an electric eel

Illustrated notes

Levels and vault maps discovered:
D:1:      reono_arrival_mine, layout_loops_ring
D:2:      layout_loops_cross, basic_ecumenical_altar, minmay_octomino_c4
D:3:      layout_loops_ring, old_standard_altar, serial_shops,
          nicolae_book_shop_shelving, shop, nicolae_shop_pleasant_corner_grove
D:4:      layout_gridville
D:5:      layout_rooms, minitemple, nicolae_nh_ransacked_shop, uniq_menkaure,
          uniq_duvessa, uniq_sigmund
D:6:      layout_layer_cave, mainiacjoe_overflow_paths,
          mainiacjoe_overflow_surrounded_room, minmay_temple_entry_poolview,
          water_boxes_lemuel

Skill      XL: |  1  2  3  4  5  6  7  8 |
---------------+-------------------------+-----
Axes           | 3 4 5 6 7 9 11 13 | 13.4
Fighting       | |  3.6
Armour         | |  3.6
Shields        | |  3.6

Action                     |  1- 3 |  4- 6 |  7- 9 || total
---------------------------+-------+-------+-------++-------
  Melee: War axe           |    90 |   145 |    87 ||   322
         Headbutt          |     8 |    23 |    16 ||    47
  Throw: Dart              |       |     1 |       ||     1
  Evoke: Wand              |       |     2 |     2 ||     4
    Use: Scroll            |     6 |     2 |     7 ||    15
         Potion            |       |     2 |     1 ||     3
 Armour: Scale mail        |    44 |       |       ||    44
         Plate armour      |     5 |   132 |    75 ||   212
  Dodge: Dodged            |    49 |    42 |    15 ||   106
  Block: Buckler           |    27 |    44 |    29 ||   100
         Reflection        |       |       |     9 ||     9
